 Dungeon Crawl Stone Soup version 0.19-a0-1849-g2383789 (webtiles) character file.

48 JeffiDaFish the Sneak (level 3, 0/24 HPs)
             Began as a Vampire Enchanter on Oct 10, 2016.
             Slain by Jessica (2 damage)
             ... on level 3 of the Dungeon.
             The game lasted 00:08:44 (2523 turns).

JeffiDaFish the Sneak (Vampire Enchanter)           Turns: 2523, Time: 00:08:45

Health: 0/24       AC:  2    Str:  8    XL:     3   Next: 50%
Magic:  2/6        EV: 13    Int: 17    God:
Gold:   93         SH:  0    Dex: 14    Spells: 3 memorised, 0 levels left

rFire  . . .     SeeInvis +     a - +1 dagger
rCold  . . .     Gourm    .     b - +1 robe
rNeg   + . .     Faith    .     (no shield)
rPois  .         Spirit   .     (no helmet)
rElec  .         Dismiss  .     (no cloak)
rCorr  .         Reflect  .     (no gloves)
MR     .....     Harm     .     (no boots)
Stlth  ++........               (no amulet)
                                (no ring)
                                e - ring of loudness (curse)

@: no status effects
A: fangs 3, see invisible, deformed body, unbreathing, MP-powered wands
a: Bat Form


You were on level 3 of the Dungeon.
You were not thirsty.

You visited 1 branch of the dungeon, and saw 3 of its levels.

You collected 93 gold pieces.

Inventory:

Hand Weapons
 a - a +1 dagger (weapon)
 h - a +1 dagger of flaming
Armour
 b - a +1 robe (worn)
Jewellery
 e - a cursed ring of loudness (left hand)
Scrolls
 g - 3 scrolls of identify
Potions
 d - 11 potions of blood
Books
 c - a book of Maledictions

   Spells                             Type                      Level
   a - Corona                         Hexes                        1
   b - Ensorcelled Hibernation        Hexes/Ice                    2
   c - Confuse                        Hexes                        3
   d - Tukima's Dance                 Hexes                        3
   e - Dazzling Spray                 Conjuration/Hexes            3


   Skills:
 * Level 0.1 Fighting
 + Level 1.7 Short Blades
 + Level 2.8 Dodging
 + Level 4.9 Stealth
 + Level 2.3 Spellcasting
 + Level 4.9 Hexes
 + Level 0.2 Ice Magic


You couldn't memorise any spells.
You knew the following spells:

 Your Spells              Type           Power        Failure   Level  Hunger
a - Corona                Hex            ###....      2%          1    #......
b - Ensorcelled Hibernat  Hex/Ice        ##....       12%         2    ###....
c - Confuse               Hex            ###.....     10%         3    ###....


Dungeon Overview and Level Annotations

Branches:
Dungeon (3/15)

Altars:
Ashenzari

Annotations:
D:3 Jessica


Innate Abilities, Weirdness & Mutations

You have razor-sharp teeth.
You have supernaturally acute eyesight. (SInv)
You can survive without breathing.
Armour fits poorly on your strangely shaped body.
You expend magic power (3 MP) to strengthen your wands.


Message History

Wield which item (- for none, * to show all)? (? for menu, Esc to quit)
Okay, then.
An orc comes into view. It is wielding a whip.
* * * LOW HITPOINT WARNING * * *
You feel sick.
You are no longer poisoned.
Jessica shouts!
The orc shouts! x2
An orc and an orc wizard come into view.
The orc shouts!
You hit Jessica but do no damage. Jessica closely misses you.
You closely miss Jessica.
The orc wizard moves out of view.
Jessica hits you but does no damage.
You hit Jessica.
Jessica is moderately wounded.
An orc comes into view. It is wielding a short sword.
The orc shouts!
You hit Jessica.
Jessica is heavily wounded.
Jessica hits you.
You die...

#....# #Sg..#
#....# #..###
#..# #..###+###
.........#
#.......@.#
#)....o..@#####
##...o.......)#
..o##o#####.# .
... #.# ... #.#
#.### ..# . ###


You could see Jessica and 4 orcs.

Vanquished Creatures
  An adder (D:2)
  A dart slug (D:1)
  A leopard gecko (D:2)
  4 bats
  3 giant cockroaches (D:1)
  2 goblins
  2 hobgoblins
  5 jackals (D:2)
  6 kobolds
  3 frilled lizards
  7 rats
35 creatures vanquished.

Notes
Turn   | Place    | Note
-------+----------+-------------------------------------------
     0 | D:1      | JeffiDaFish the Vampire Enchanter began the quest for the Orb.
     0 | D:1      | Reached XP level 1. HP: 13/13 MP: 3/3
   402 | D:1      | Reached XP level 2. HP: 10/19 MP: 5/5
   815 | D:1      | Learned a level 2 spell: Ensorcelled Hibernation
  1325 | D:2      | Reached XP level 3. HP: 24/24 MP: 6/6
  1330 | D:2      | Learned a level 3 spell: Confuse
  1724 | D:2      | Found a shattered altar of Ashenzari.
  1926 | D:2      | Gained mutation: Armour fits poorly on your strangely shaped body. [potion of mutation]
  1926 | D:2      | Gained mutation: You expend magic power (3 MP) to strengthen your wands. [potion of mutation]
  2451 | D:3      | Noticed an ogre
  2517 | D:3      | Noticed Jessica
  2519 | D:3      | HP: 1/24 [poisoned by an adder]
  2523 | D:3      | Slain by Jessica

Vault maps used:
D:1:      minmay_arrival_loop, serial_forest, infiniplex_forest_lined_2,
          infiniplex_forest_pool, infiniplex_forest_clump_tiny,
          infiniplex_forest_clump_double
D:2:      ashenzari_conservatory_becter
D:3:      regret_index_temple_of_mockery,
          nicolae_dithmenos_through_a_glass_darkly, uniq_jessica, uniq_grinder

Action                   || total
-------------------------++-------
Melee: Dagger            ||   166
       Bite              ||     8
 Cast: Ensorcelled Hiber ||     4
       Confuse           ||     1
  Use: Scroll            ||     9
       Potion            ||     7
 Stab: Sleeping          ||     3
       Distracted        ||     1
Armor: Robe              ||    41
Dodge: Dodged            ||   146
